 Dungeon Sprint DCSS version 0.17-a0-1324-ga541562 (webtiles) character file.

86382 Kidiri the Unseen (level 13, 0/67 HPs)
             Began as a Spriggan Enchanter on June 9, 2015.
             Was the Champion of Dithmenos.
             Slain by an azure jelly (37 damage)
             ... in the Dungeon (Sprint III: "The Ten Rune Challenge").
             The game lasted 01:10:36 (8934 turns).

Kidiri the Unseen (Spriggan Enchanter)              Turns: 8934, Time: 01:10:38

Health: 0/67       AC: 10    Str:  4    XL:     13   Next: 79%
Magic:  30/30      EV: 35    Int: 21    God:    Dithmenos [******]
Gold:   4272       SH:  7    Dex: 25    Spells: 10 memorised, 4 levels left

rFire  . . .     SeeInvis +     t - +2 short sword (drain)
rCold  . . .     Clarity  .     y - +1 troll leather armour "Jurahis Payw" {Regen+ Dex+4}
rNeg   . . .     SustAt   .     e - +1 buckler {AC+3}
rPois  .         Gourm    .     j - +2 hat {SInv}
rElec  .         Spirit   .     (no cloak)
rCorr  .         Warding  .     (gloves unavailable)
rMut   .         NoTele   +     (boots unavailable)
MR     ++...                    (no amulet)
Stlth  ++++++++++               (no ring)
                                (no ring)

@: wreathed by umbra, very quick, very resistant to hostile enchantments,
uncannily stealthy
A: unfitting armour, talons 1, yellow scales 1, see invisible, agile 1, clever
1, deformed body, herbivore 3, speed 3, slow metabolism 2
a: Shadow Step, Shadow Form, Renounce Religion
}: 3/10 runes: serpentine, barnacled, demonic


You were in the Dungeon.
You worshipped Dithmenos.
Dithmenos was exalted by your worship.
You were not hungry.

You visited 1 branch You collected 5637 gold pieces.
You spent 1365 gold pieces at shops.

Inventory:

Hand weapons
 a - a +1 dagger
 l - a +1 short sword of venom
 q - a +1 long sword of holy wrath
 t - a +2 short sword of draining (weapon)
 v - a +0 blowgun
Missiles
 w - 7 needles of paralysis
 x - 7 curare-tipped needles
Armour
 e - a +1 buckler of protection (worn)
 f - a +1 robe of fire resistance
 j - a +2 hat of see invisible (worn)
 m - the +6 fire dragon armour "Ufiogy" {rF++ rC- rN+}
   (You bought it in a shop in the Dungeon)

   It greatly protects you from fire.
   It makes you vulnerable to cold.
   It protects you from negative energy.
 y - the +1 troll leather armour "Jurahis Payw" (worn) {Regen+ Dex+4}
   (You acquired it in the Dungeon)

   It affects your dexterity (+4).
   It increases your rate of regeneration.
Magical devices
 i - a wand of lightning (5)
Scrolls
 r - a scroll of remove curse {unknown}
Potions
 g - a potion of haste
 h - 2 potions of magic
 n - a potion of cancellation {unknown}
 o - 2 potions of cure mutation
 p - a potion of invisibility {unknown}
Books
 c - a book of Maledictions

   Spells                             Type                      Level
   a - Corona                         Hexes                        1
   b - Ensorcelled Hibernation        Hexes/Ice                    2
   c - Confuse                        Hexes                        3
   d - Tukima's Dance                 Hexes                        3
   e - Dazzling Spray                 Conjuration/Hexes            3
 k - a book of Burglary

   Spells                             Type                      Level
   a - Swiftness                      Charms/Air                   2
   b - Passwall                       Transmutation/Earth          3
   c - Passage of Golubria            Translocation                4
   d - Lee's Rapid Deconstruction     Earth                        5
   e - Invisibility                   Hexes                        6
   f - Darkness                       Hexes                        7
Miscellaneous
 b - a phantom mirror
Comestibles
 d - 6 bread rations
 s - 17 royal jellies
 u - 8 fruits


   Skills:
 + Level 7.6 Fighting
 * Level 15.0 Short Blades
 * Level 1.5 Armour
 + Level 18.7 Dodging
 * Level 20.7 Stealth
 * Level 0.0 Shields
 * Level 12.3 Spellcasting
 + Level 6.9 Conjurations
 + Level 12.5 Hexes
 + Level 12.2 Charms
 + Level 11.1 Translocations
 + Level 11.4 Transmutations
 + Level 8.6 Ice Magic
 + Level 8.3 Air Magic
 + Level 8.1 Earth Magic
 + Level 9.1 Invocations


You had 4 spell levels left.
You knew the following spells:

 Your Spells              Type           Power        Failure   Level  Hunger
a - Corona                Hex            ######.      1%          1    None
b - Ensorcelled Hibernat  Hex/Ice        ######       1%          2    None
c - Confuse               Hex            ######..     1%          3    None
d - Tukima's Dance        Hex            ######..     1%          3    None
e - Dazzling Spray        Conj/Hex       ######..     1%          3    None
f - Passwall              Trmt/Erth      ######....   1%          3    None
g - Swiftness             Chrm/Air       ######..     1%          2    None
h - Passage of Golubria   Tloc           N/A          1%          4    None
i - Lee's Rapid Deconstr  Erth           #####.....   17%         5    ####...
j - Invisibility          Hex            ######..     14%         6    #####..


Dungeon Overview and Level Annotations

Branches:
Dungeon (1/1)

Altars:
Cheibriados
Dithmenos
Elyvilon
Fedhas
Gozag
Kikubaaqudgha
Makhleb
Nemelex Xobeh
Okawaru
Qazlal
Ru
Sif Muna
Trog
Vehumet
Xom
Yredelemnul
Zin
The Shining One
Jiyva
Lugonu

Shops:
D %:[?[=}=:?%(%*}[%!}

Annotations:
D exclusion: 4 statues


Innate Abilities, Weirdness & Mutations

You are tiny and cannot use many weapons and most armour.
You have supernaturally acute eyesight.
You are a herbivore.
You cover ground extremely quickly.
You need consume almost no food.
You have sharp toenails.
You are partially covered in yellow scales (AC +2).
You are agile. (Dex +2)
Your mind is acute. (Int +2)
Armour fits poorly on your strangely shaped body.


Message History

The azure jelly completely misses you. The azure jelly hits you.
The azure jelly freezes you!!
You emit a cloud of dark smoke.
The azure jelly completely misses you. x2
Unknown command.
You hit the azure jelly but do no damage.
You drain the azure jelly!
The azure jelly is lightly wounded.
Your shadow barely misses the azure jelly.
You hear a distant "Zot"! x2
You hear a distant "Zot"!
As you close the door, it creaks loudly!
You hear a distant "Zot"! x2
You hear a distant "Zot"!
You hit the azure jelly but do no damage.
You claw the azure jelly, but do no damage.
You hear a distant "Zot"!
You block the azure jelly's attack. The azure jelly hits you.
The azure jelly freezes you!!!
Ouch! That really hurt!
You die...

#(.# #..#####....#___#_.'.
▓▓▓▓▓▓▓▓▓▓▓▓▓▓▓▓▓▓▓▓▓▓▓▓▓▓
▓...'.≈≈≈≈≈§§.♣♣.....♣♣♣♣≈
▓..P#≈≈§≈≈§≈≈.♣♣.≈≈≈≈'♣♣'♣
▓.PP#≈≈≈§§≈≈≈§≈'.....#.≈♣♣
▓..P#≈§§≈§≈≈.≈♣♣♣♣♣♣♣#..♣♣
▓...#≈≈§≈≈≈§≈≈♣ ###+♣
▓##+####+#######♣ ♣♣♣♣.#
▓...JJ§§J@§.[...♣♣ ♣...##
▓#'#############+♣ ♣♣.##.
▓...#≈...........♣ ♣..#.
▓..J+≈≈...########♣♣ ♣♣.##
▓...#≈≈≈...........♣ ♣♣.##
▓.J.#≈≈≈≈..........♣ ♣....
#+#############+##########
**,****** ▓.w........P
**,*,,,*** ▓≈≈*.w.....≈


You could see an azure jelly.

Vanquished Creatures
  Rupert (D)
  Gastronok (D)
  Harold (D)
  A greater naga (D)
  Maud (D)
  Azrael (D)
  2 dire elephants (D)
  Snorg (D)
  2 hydras (D)
  2 yaktaur captains (D)
  A naga warrior (D)
  3 alligator snapping turtles (D)
  2 anacondas (D)
  A centaur warrior (D)
  4 death yaks (D)
  A death drake (D)
  An unseen horror (D)
  A spriggan druid (D)
  A golden dragon zombie (D)
  2 deep elf summoners (D)
  Joseph (D)
  A lindwurm (D)
  2 deep elf conjurers (D)
  2 orc knights (D)
  2 crystal guardians (D)
  An orc sorcerer (D)
  2 elephants (D)
  9 black mambas (D)
  A guardian serpent (D)
  2 spiny frogs (D)
  An orange crystal statue (D)
  A komodo dragon (D)
  A yaktaur (D)
  A fire drake (D)
  2 deep elf priests (D)
  4 spriggan defenders (D)
  A queen bee (D)
  3 orc high priests (D)
  3 snapping turtles (D)
  8 blink frogs (D)
  A shadow (D)
  2 spriggans (D)
  3 redbacks (D)
  A spatial vortex (D)
  4 water moccasins (D)
  2 nagas (D)
  A swamp drake (D)
  2 orc warriors (D)
  A necrophage (D)
  3 wandering mushrooms (D)
  2 centaurs (D)
  An earth elemental (D)
  2 brain worms (D)
  A water elemental (D)
  32 killer bees (D)
  A jelly (D)
  A wizard (D)
  2 orc priests (D)
  Jessica (D)
  An orc wizard (D)
  A wolf (D)
  A necromancer (D)
  3 humans (D)
  A kobold demonologist (D)
  2 adders (D)
  2 oozes (D)
  10 orcs (D)
  A giant newt (D)
  2 plants (D)
165 creatures vanquished.

Vanquished Creatures (others)
  Nellie (D)
  3 deep elf blademasters (D)
  2 draconian scorchers (D)
  Nessos (D)
  A mummy priest (D)
  A shadow wraith (D)
  2 skeletal warriors (D)
  3 ball lightnings (D)
  3 hornets (D)
  3 yaktaurs (D)
  An electric eel (D)
  4 giant spores (D)
  3 ballistomycetes (D)
  2 fungi (D)
  31 plants (D)
  4 tentacles (D)
  79 tentacle segments (D)
144 creatures vanquished.

Grand Total: 309 creatures vanquished

Notes
Turn   | Place    | Note
--------------------------------------------------------------
     0 | D        | Kidiri the Spriggan Enchanter began the quest for the Orb.
     0 | D        | Reached XP level 1. HP: 9/9 MP: 5/5
    10 | D        | Reached skill level 5 in Stealth
    12 | D        | Reached XP level 2. HP: 13/13 MP: 7/7
    16 | D        | Learned a level 2 spell: Ensorcelled Hibernation
    21 | D        | Noticed Jessica
    25 | D        | Killed Jessica
    25 | D        | Reached skill level 5 in Dodging
    25 | D        | Reached skill level 6 in Stealth
    25 | D        | Reached skill level 1 in Ice Magic
    25 | D        | Reached XP level 3. HP: 16/16 MP: 9/9
    65 | D        | Noticed a wolf
    65 | D        | Killed an electric eel
    68 | D        | Killed a wolf
    68 | D        | Reached skill level 7 in Stealth
    73 | D        | Reached XP level 4. HP: 21/21 MP: 11/11
    80 | D        | Learned a level 3 spell: Confuse
    84 | D        | Learned a level 3 spell: Tukima's Dance
    98 | D        | Gained mutation: Your magical capacity is low (-10% MP). [potion of mutation]
    98 | D        | Gained mutation: Your muscles are strong. (Str +2) [potion of mutation]
    98 | D        | Gained mutation: Your body sometimes deteriorates upon taking damage. [potion of mutation]
    99 | D        | Lost mutation: Your body sometimes deteriorates upon taking damage. [potion of cure mutation]
    99 | D        | Lost mutation: Your muscles are strong. (Str +2) [potion of cure mutation]
    99 | D        | Lost mutation: Your magical capacity is low (-10% MP). [potion of cure mutation]
   100 | D        | Gained mutation: You are agile. (Dex +2) [potion of mutation]
   100 | D        | Gained mutation: You have sharp toenails. [potion of mutation]
   100 | D        | Gained mutation: You are partially covered in yellow scales (AC +2). [potion of mutation]
   115 | D        | Noticed a water elemental
   118 | D        | Killed a water elemental
   118 | D        | Reached skill level 8 in Stealth
   118 | D        | Reached skill level 5 in Hexes
   121 | D        | Killed a yaktaur
   128 | D        | Noticed a jelly
   129 | D        | Noticed a shadow
   131 | D        | Killed a shadow
   131 | D        | Reached skill level 9 in Dodging
   131 | D        | Reached skill level 10 in Stealth
   131 | D        | Reached skill level 5 in Spellcasting
   131 | D        | Reached XP level 5. HP: 24/24 MP: 12/14
   131 | D        | Reached XP level 6. HP: 28/28 MP: 12/15
   135 | D        | Killed a jelly
   156 | D        | Found a stormy altar of Qazlal.
   156 | D        | Found a sacrificial altar of Ru.
   156 | D        | Found a burning altar of Makhleb.
   156 | D        | Found a shimmering altar of Xom.
   157 | D        | Found a viscous altar of Jiyva.
   157 | D        | Found a shadowy altar of Dithmenos.
   157 | D        | Found a sparkling altar of Nemelex Xobeh.
   157 | D        | Found a corrupted altar of Lugonu.
   157 | D        | Found an opulent altar of Gozag.
   157 | D        | Noticed a spatial vortex
   164 | D        | Became a worshipper of Dithmenos the Shadowed
   208 | D        | Killed a spatial vortex
   208 | D        | Reached skill level 10 in Dodging
   208 | D        | Reached skill level 11 in Stealth
   245 | D        | Killed a white draconian scorcher
   284 | D        | Learned a level 3 spell: Dazzling Spray
   296 | D        | Found a radiant altar of Vehumet.
   297 | D        | Found a deep blue altar of Sif Muna.
   297 | D        | Found an ancient bone altar of Kikubaaqudgha.
   297 | D        | Noticed a wizard
   298 | D        | Killed a wizard
   309 | D        | Learned a level 3 spell: Passwall
   312 | D        | Learned a level 2 spell: Swiftness
   315 | D        | Killed a white draconian scorcher
   321 | D        | Found a glowing silver altar of Zin.
   321 | D        | Found a glowing golden altar of the Shining One.
   321 | D        | Found a white marble altar of Elyvilon.
   322 | D        | Noticed a deep elf priest
   324 | D        | Killed a deep elf priest
   324 | D        | Reached skill level 1 in Fighting
   324 | D        | Reached skill level 12 in Stealth
   324 | D        | Reached skill level 1 in Conjurations
   324 | D        | Reached skill level 1 in Transmutations
   324 | D        | Reached skill level 1 in Air Magic
   324 | D        | Reached skill level 1 in Earth Magic
   324 | D        | Reached skill level 1 in Invocations
   324 | D        | Reached XP level 7. HP: 31/33 MP: 18/18
   336 | D        | Found an iron altar of Okawaru.
   336 | D        | Found a bloodstained altar of Trog.
   336 | D        | Noticed a human
   337 | D        | Noticed a human
   494 | D        | Killed a human
   502 | D        | Killed a human
   502 | D        | Acquired Dithmenos's first power
   673 | D        | Found a basalt altar of Yredelemnul.
   673 | D        | Found a snail-covered altar of Cheibriados.
   673 | D        | Found a blossoming altar of Fedhas.
   673 | D        | Noticed a necrophage
   673 | D        | Noticed a necromancer
   675 | D        | Killed a necromancer
   676 | D        | Killed a necrophage
   676 | D        | Reached XP level 8. HP: 37/39 MP: 19/19
   692 | D        | Learned a level 4 spell: Passage of Golubria
   706 | D        | Noticed Snorg
   861 | D        | Killed Snorg
   861 | D        | Reached skill level 13 in Stealth
   923 | D        | Noticed an earth elemental
   926 | D        | Killed an earth elemental
   931 | D        | Noticed a centaur
   931 | D        | Noticed a centaur warrior
   931 | D        | Noticed a centaur
   940 | D        | Killed a centaur
   952 | D        | Killed a centaur
   952 | D        | Acquired Dithmenos's second power
   961 | D        | Killed a centaur warrior
   961 | D        | Reached skill level 5 in Charms
   961 | D        | Reached skill level 5 in Ice Magic
   961 | D        | Reached XP level 9. HP: 23/44 MP: 2/22
  1116 | D        | Noticed an unseen horror
  1118 | D        | Killed an unseen horror
  1118 | D        | Reached skill level 10 in Short Blades
  1118 | D        | Reached skill level 14 in Stealth
  1118 | D        | Reached skill level 5 in Transmutations
  1224 | D        | Noticed a wandering mushroom
  1228 | D        | Noticed a wandering mushroom
  1230 | D        | Noticed a wandering mushroom
  1597 | D        | Killed a yaktaur
  1689 | D        | Killed a wandering mushroom
  1710 | D        | Killed a wandering mushroom
  1710 | D        | Reached skill level 1 in Translocations
  1711 | D        | Killed a wandering mushroom
  1840 | D        | Noticed a spiny frog
  1840 | D        | Noticed a komodo dragon
  1840 | D        | Noticed a spiny frog
  1846 | D        | Killed a spiny frog
  1848 | D        | Killed a spiny frog
  1848 | D        | Reached XP level 10. HP: 47/49 MP: 13/23
  1852 | D        | Killed a komodo dragon
  1852 | D        | Acquired Dithmenos's third power
  1859 | D        | Learned a level 5 spell: Lee's Rapid Deconstruction
  1903 | D        | Noticed a swamp drake
  1903 | D        | Noticed a fire drake
  1904 | D        | Killed a fire drake
  1906 | D        | Killed a swamp drake
  1906 | D        | Reached skill level 15 in Stealth
  1914 | D        | Noticed a blink frog
  1914 | D        | Noticed a blink frog
  1919 | D        | Noticed a blink frog
  1919 | D        | Noticed a blink frog
  1920 | D        | Killed a blink frog
  1921 | D        | Noticed a blink frog
  1922 | D        | Killed a blink frog
  1924 | D        | Killed a blink frog
  1926 | D        | Killed a blink frog
  1928 | D        | Killed a blink frog
  1928 | D        | Reached skill level 5 in Invocations
  1968 | D        | Noticed Rupert
  1975 | D        | Killed Rupert
  1975 | D        | Reached skill level 16 in Stealth
  1975 | D        | Reached skill level 5 in Air Magic
  1975 | D        | Reached skill level 5 in Earth Magic
  2003 | D        | Noticed a death yak
  2004 | D        | Noticed a death yak
  2004 | D        | Noticed a blink frog
  2010 | D        | Killed a death yak
  2010 | D        | Reached skill level 5 in Translocations
  2010 | D        | Reached XP level 11. HP: 54/54 MP: 25/25
  2011 | D        | Noticed an azure jelly
  2011 | D        | Noticed a death yak
  2011 | D        | Noticed an azure jelly
  2011 | D        | Noticed a blink frog
  2011 | D        | Noticed a death yak
  2012 | D        | Killed a blink frog
  2012 | D        | Acquired Dithmenos's fourth power
  2013 | D        | Killed a death yak
  2014 | D        | Noticed a blink frog
  2014 | D        | Noticed a black mamba
  2124 | D        | Noticed an azure jelly
  2124 | D        | Noticed an azure jelly
  2126 | D        | Noticed an elephant
  2126 | D        | Noticed an elephant
  2126 | D        | Noticed a dire elephant
  2126 | D        | Noticed a dire elephant
  2126 | D        | Noticed Gastronok
  2129 | D        | Killed a dire elephant
  2129 | D        | Reached skill level 5 in Fighting
  2129 | D        | Reached skill level 10 in Hexes
  2141 | D        | Killed Gastronok
  2141 | D        | Reached skill level 15 in Dodging
  2141 | D        | Reached skill level 17 in Stealth
  2423 | D        | Gained mutation: Your mind is acute. (Int +2) [potion of mutation]
  2423 | D        | Gained mutation: Armour fits poorly on your strangely shaped body. [potion of mutation]
  2434 | D        | Killed an elephant
  2444 | D        | Killed a dire elephant
  2444 | D        | Reached skill level 10 in Spellcasting
  2448 | D        | Killed an elephant
  2719 | D        | Noticed a redback
  2721 | D        | Killed a redback
  2722 | D        | Noticed a brain worm
  2725 | D        | Killed a brain worm
  2735 | D        | Noticed a brain worm
  2737 | D        | Killed a brain worm
  2740 | D        | Noticed a lindwurm
  2742 | D        | Noticed a redback
  2743 | D        | Killed a lindwurm
  2745 | D        | Killed a redback
  2749 | D        | Noticed a redback
  2750 | D        | Killed a redback
  2750 | D        | Reached skill level 5 in Conjurations
  2751 | D        | Noticed Maud
  2753 | D        | Killed Maud
  2757 | D        | Noticed a five-headed hydra
  2757 | D        | Noticed a seven-headed hydra
  2759 | D        | Killed a five-headed hydra
  2759 | D        | Reached XP level 12. HP: 60/60 MP: 22/27
  2760 | D        | Killed a seven-headed hydra
  2760 | D        | Reached skill level 18 in Stealth
  2791 | D        | Noticed a death drake
  2794 | D        | Killed a death drake
  2808 | D        | Noticed a black mamba
  2808 | D        | Noticed an anaconda
  2809 | D        | Noticed a water moccasin
  2811 | D        | Killed a black mamba
  2813 | D        | Killed an anaconda
  2823 | D        | Killed a water moccasin
  2847 | D        | Noticed a water moccasin
  2847 | D        | Noticed a black mamba
  2847 | D        | Noticed a water moccasin
  2847 | D        | Noticed a black mamba
  2847 | D        | Noticed a black mamba
  2848 | D        | Killed a black mamba
  2849 | D        | Noticed a black mamba
  2850 | D        | Killed a black mamba
  2853 | D        | Killed a black mamba
  2853 | D        | Reached skill level 10 in Charms
  2872 | D        | Killed a water moccasin
  2875 | D        | Killed a water moccasin
  2888 | D        | Killed a black mamba
  2889 | D        | Noticed a water moccasin
  2889 | D        | Noticed an anaconda
  2889 | D        | Noticed a black mamba
  2889 | D        | Noticed a black mamba
  2891 | D        | Killed a water moccasin
  2892 | D        | Killed a black mamba
  2894 | D        | Killed an anaconda
  2895 | D        | Killed a black mamba
  2934 | D        | Noticed a naga
  2934 | D        | Noticed a naga
  2935 | D        | Noticed a naga warrior
  2935 | D        | Noticed a greater naga
  2935 | D        | Found Esiheomm's Magic Scroll Shop.
  2935 | D        | Found Ynasoc's Antique Armour Shoppe.
  2935 | D        | Found Gileawiv's Jewellery Boutique.
  2936 | D        | Killed a naga
  2937 | D        | Killed a naga
  2939 | D        | Killed a naga warrior
  2940 | D        | Killed a greater naga
  2940 | D        | Reached skill level 19 in Stealth
  2975 | D        | Noticed a guardian serpent
  2977 | D        | Killed a guardian serpent
  2981 | D        | Got a serpentine rune of Zot
  3040 | D        | Found a blossoming altar of Fedhas.
  3040 | D        | Noticed a spriggan
  3040 | D        | Noticed a spriggan druid
  3040 | D        | Noticed a spriggan
  3041 | D        | Killed a spriggan
  3042 | D        | Killed a spriggan druid
  3042 | D        | Reached skill level 10 in Transmutations
  3043 | D        | Killed a spriggan
  3076 | D        | Learned a level 6 spell: Invisibility
  3142 | D        | Noticed Harold
  3142 | D        | Noticed Joseph
  3144 | D        | Killed Harold
  3145 | D        | Killed Joseph
  3169 | D        | Noticed an orc high priest
  3169 | D        | Noticed an orc high priest
  3170 | D        | Noticed an orc high priest
  3170 | D        | Noticed an orc priest
  3171 | D        | Killed an orc high priest
  3172 | D        | Killed an orc high priest
  3174 | D        | Killed an orc priest
  3176 | D        | Killed an orc high priest
  3176 | D        | Reached XP level 13. HP: 66/66 MP: 24/29
  3243 | D        | Noticed a spriggan defender
  3243 | D        | Noticed a spriggan defender
  3243 | D        | Noticed a spriggan defender
  3243 | D        | Noticed a spriggan defender
  3243 | D        | Killed a spriggan defender
  3245 | D        | Killed a spriggan defender
  3246 | D        | Killed a spriggan defender
  3247 | D        | Killed a spriggan defender
  3296 | D        | Found Kiphylug's Jewellery Emporium.
  3296 | D        | Found Huneceol's Antique Armour Boutique.
  3296 | D        | Found Eshaogau's Book Shop.
  3296 | D        | Found Saan's Food Emporium.
  3296 | D        | Found Vorirr's Antique Weapon Boutique.
  3296 | D        | Found Fedusmekh's Assorted Antiques.
  3296 | D        | Found Gureggan's Magic Scroll Shoppe.
  3296 | D        | Found Pagga's Distillery.
  3296 | D        | Found Wucum's Food Emporium.
  3296 | D        | Found Janix's Gadget Shop.
  3296 | D        | Found Kusoxt's Food Boutique.
  3296 | D        | Found Ankutea's Gadget Shoppe.
  3413 | D        | Noticed an orange crystal statue
  3418 | D        | Killed an orange crystal statue
  3513 | D        | Noticed a crystal guardian
  3513 | D        | Noticed a crystal guardian
  3514 | D        | Noticed a crystal guardian
  3514 | D        | Noticed a water elementalist statue
  3514 | D        | Noticed an air elementalist statue
  3515 | D        | Killed a crystal guardian
  3516 | D        | Killed a crystal guardian
  3517 | D        | Noticed a fire elementalist statue
  3517 | D        | Noticed an earth elementalist statue
  3548 | D        | Noticed a crystal guardian
  3705 | D        | Noticed a killer bee
  3705 | D        | Noticed a killer bee
  3705 | D        | Noticed a killer bee
  3705 | D        | Noticed a killer bee
  3705 | D        | Noticed a killer bee
  3705 | D        | Noticed a killer bee
  3705 | D        | Noticed a killer bee
  3705 | D        | Noticed a killer bee
  3705 | D        | Noticed a killer bee
  3705 | D        | Noticed a killer bee
  3705 | D        | Noticed a killer bee
  3705 | D        | Noticed a killer bee
  3705 | D        | Noticed a killer bee
  3705 | D        | Noticed a killer bee
  3705 | D        | Noticed a killer bee
  3706 | D        | Noticed a queen bee
  3706 | D        | Noticed a killer bee
  3706 | D        | Noticed a killer bee
  3706 | D        | Noticed a killer bee
  3706 | D        | Noticed a killer bee
  3706 | D        | Noticed a killer bee
  3706 | D        | Noticed a killer bee
  3706 | D        | Noticed a killer bee
  3706 | D        | Noticed a killer bee
  3706 | D        | Noticed a killer bee
  3706 | D        | Noticed a killer bee
  3706 | D        | Noticed a killer bee
  3706 | D        | Noticed a killer bee
  3706 | D        | Noticed a killer bee
  3706 | D        | Noticed a killer bee
  3706 | D        | Noticed a killer bee
  3706 | D        | Noticed a killer bee
  3706 | D        | Noticed a killer bee
  3707 | D        | Killed a killer bee
  3708 | D        | Killed a killer bee
  3710 | D        | Killed a killer bee
  3711 | D        | Killed a killer bee
  3713 | D        | Killed a killer bee
  3718 | D        | Killed a killer bee
  3726 | D        | Killed a killer bee
  3730 | D        | Killed a killer bee
  3736 | D        | Killed a killer bee
  3738 | D        | Killed a ball lightning
  3738 | D        | Killed a ball lightning
  3738 | D        | Killed a ball lightning
  3742 | D        | Killed a killer bee
  3747 | D        | Killed a mummy priest
  3748 | D        | Killed a killer bee
  3753 | D        | Killed a shadow wraith
  3757 | D        | Killed a killer bee
  3760 | D        | Killed a killer bee
  3768 | D        | Killed a killer bee
  3773 | D        | Killed a killer bee
  3776 | D        | Killed a killer bee
  3778 | D        | Killed a hornet
  3779 | D        | Killed a killer bee
  3779 | D        | Killed a killer bee
  3779 | D        | Killed a killer bee
  3779 | D        | Killed a killer bee
  3779 | D        | Killed a killer bee
  3787 | D        | Killed a killer bee
  3789 | D        | Killed a killer bee
  3789 | D        | Reached skill level 10 in Translocations
  3795 | D        | Killed a killer bee
  3796 | D        | Killed a killer bee
  3796 | D        | Killed a killer bee
  3796 | D        | Killed a killer bee
  3806 | D        | Killed a killer bee
  3810 | D        | Killed a killer bee
  3819 | D        | Killed a killer bee
  3822 | D        | Killed a killer bee
  3830 | D        | Killed a queen bee
  3832 | D        | Killed a killer bee
  4052 | D        | Noticed Nellie
  4290 | D        | Killed a yaktaur
  4384 | D        | Killed a skeletal warrior
  4452 | D        | Killed a hornet
  4643 | D        | Found Zytest's Gadget Emporium.
  4643 | D        | Noticed an orc sorcerer
  4643 | D        | Noticed an orc wizard
  4643 | D        | Noticed an orc priest
  4643 | D        | Noticed an orc knight
  4643 | D        | Noticed an orc knight
  4643 | D        | Noticed an orc warrior
  4643 | D        | Noticed an orc warrior
  4644 | D        | Killed an orc knight
  4649 | D        | Killed an orc wizard
  4650 | D        | Killed an orc priest
  4682 | D        | Killed an orc sorcerer
  4687 | D        | HP: 2/100 [orc zombie/trident[an orc sorcerer] (7)]
  4881 | D        | Killed an orc warrior
  5018 | D        | Killed an orc warrior
  5262 | D        | Noticed a deep elf summoner
  5262 | D        | Noticed a deep elf conjurer
  5262 | D        | Noticed a deep elf summoner
  5262 | D        | Noticed a deep elf priest
  5262 | D        | Noticed a deep elf conjurer
  5268 | D        | Noticed a deep elf conjurer
  5268 | D        | Killed a deep elf summoner
  5270 | D        | Killed a deep elf conjurer
  5272 | D        | Killed a deep elf summoner
  5272 | D        | Reached skill level 20 in Stealth
  5274 | D        | Killed a deep elf priest
  5275 | D        | Killed a deep elf conjurer
  5276 | D        | Noticed a deep elf demonologist
  5416 | D        | Killed an orc knight
  5676 | D        | Got a demonic rune of Zot
  6278 | D        | Killed a deep elf blademaster
  6310 | D        | Noticed a yaktaur
  6340 | D        | Killed Nessos
  6371 | D        | Killed a deep elf blademaster
  6383 | D        | Killed a blink frog
  6393 | D        | Noticed a black mamba
  6398 | D        | Killed a black mamba
  6408 | D        | Killed a deep elf blademaster
  6737 | D        | Killed a blink frog
  6747 | D        | Killed a death yak
  6788 | D        | Killed a death yak
  6792 | D        | Killed a black mamba
  6941 | D        | Killed a hornet
  6951 | D        | Noticed a snapping turtle
  6952 | D        | Noticed a kraken
  6952 | D        | Noticed a snapping turtle
  6952 | D        | Noticed an alligator snapping turtle
  6952 | D        | Noticed an alligator snapping turtle
  6953 | D        | Killed a snapping turtle
  6966 | D        | Noticed a snapping turtle
  7101 | D        | Killed a snapping turtle
  7211 | D        | Killed an alligator snapping turtle
  7241 | D        | Killed a snapping turtle
  7248 | D        | Found Loew Qoh's Antique Armour Shop.
  7248 | D        | Found Kuaput's Book Boutique.
  7248 | D        | Found Tujefeokk's Food Shoppe.
  7248 | D        | Noticed an alligator snapping turtle
  7250 | D        | Killed an alligator snapping turtle
  7251 | D        | Killed an alligator snapping turtle
  7256 | D        | Got a barnacled rune of Zot
  7258 | D        | Bought a bloodstained fire dragon armour for 1365 gold pieces
  7301 | D        | Identified the +6 fire dragon armour "Ufiogy" {rF++ rC- rN+} (You bought it in a shop in the Dungeon)
  7501 | D        | Noticed a yaktaur captain
  7518 | D        | Noticed a golden dragon zombie
  7852 | D        | Killed a golden dragon zombie
  7925 | D        | Killed a skeletal warrior
  7984 | D        | Noticed a yaktaur captain
  7985 | D        | Killed a yaktaur
  7994 | D        | Killed a yaktaur captain
  7994 | D        | Reached skill level 1 in Armour
  8158 | D        | Killed a yaktaur captain
  8158 | D        | Reached skill level 15 in Short Blades
  8476 | D        | Noticed Azrael
  8485 | D        | Killed Azrael
  8717 | D        | Got a transparent troll leather armour
  8728 | D        | Identified the +1 troll leather armour "Jurahis Payw" {Regen+ Dex+4} (You acquired it in the Dungeon)
  8869 | D        | Killed Nellie
  8934 | D        | Slain by an azure jelly

Vault maps used:
D:        dungeon_sprint_mu

Action                   |  1- 3 |  4- 6 |  7- 9 | 10-12 | 13-15 || total
-------------------------+-------+-------+-------+-------+-------++-------
Melee: Dagger            |     5 |    27 |     8 |       |       ||    40
       Short sword       |       |       |    60 |   100 |   277 ||   437
       Long sword        |       |       |       |       |    43 ||    43
 Fire: Blowgun           |       |       |       |       |    10 ||    10
 Cast: Ensorcelled Hiber |       |       |    18 |     4 |    27 ||    49
       Confuse           |       |       |    18 |     3 |    14 ||    35
       Dazzling Spray    |       |       |     4 |       |       ||     4
       Passwall          |       |       |     1 |     1 |    16 ||    18
       Lee's Rapid Decon |       |       |       |       |    32 ||    32
       Corona            |       |       |       |       |     3 ||     3
       Invisibility      |       |       |       |       |     2 ||     2
Invok: Shadow Step       |       |       |       |    11 |     3 ||    14
  Use: Scroll            |       |     5 |       |     1 |     3 ||     9
       Potion            |       |     3 |     1 |     1 |     5 ||    10
 Stab: Sleeping          |     5 |     6 |     7 |    51 |    30 ||    99
       Confused          |       |       |     4 |     6 |     9 ||    19
       Distracted        |       |       |       |       |     6 ||     6
       Invisible         |       |       |       |       |     3 ||     3
  Eat: Royal jelly       |       |       |       |     1 |     6 ||     7
